Selects Airborne Battlegroup
Construct Weapon Support Center
Selects Paratrooper Squad Paradrop
Paratrooper Squad Paradrop
Paratrooper Squad Paradrop
Construct Medical Station
Paratrooper Squad Paradrop
Mechanized Support Center
M16 Multiple Gun Motor Carriage
Selects Anti-tank Gun Team Paradrop
Anti-tank Gun Team Paradrop
Selects Paradrop Reinforcements
Anti-tank Gun Team Paradrop
Selects Dual P-47 Rocket Strike
M4(105) Sherman Bulldozer
M18 Hellcat Tank Destroyer
Paratrooper Squad Paradrop